 Dungeon Crawl Stone Soup version 0.21-a0-394-gdc75ea7 (webtiles) character file.

317 Monsterracer the Insei (level 6, 0/43 HPs)
             Began as a Barachi Transmuter on Oct 18, 2017.
             Was an Initiate of Cheibriados.
             Slain by a phantom (2 damage)
             ... on level 4 of the Dungeon.
             The game lasted 00:06:24 (4235 turns).

Monsterracer the Insei (Barachi Transmuter)         Turns: 4235, Time: 00:06:25

Health: 0/43       AC:  4    Str: 13    XL:     6   Next: 45%
Magic:  5/9        EV: 12    Int: 16    God:    Cheibriados [......]
Gold:   151        SH:  0    Dex: 13    Spells: 3/9 levels left

rFire    . . .     SeeInvis .     - Unarmed
rCold    . . .     Gourm    .   (no shield)
rNeg     . . .     Faith    .   b - +0 robe
rPois    .         Spirit   .   r - +1 helmet
rElec    .         Reflect  .   (no cloak)
rCorr    .         Harm     .   (no gloves)
MR       .....                  (no boots)
Stlth    +.........             (no amulet)
HPRegen  0.14/turn              (no ring)
MPRegen  0.11/turn              (no ring)

@: very slow
A: +LOS, swims, slowness 1, strong legs 1
a: Hop, Bend Time, Renounce Religion


You were on level 4 of the Dungeon.
You worshipped Cheibriados.
Cheibriados was noncommittal.
You were hungry.

You visited 1 branch of the dungeon, and saw 4 of its levels.

You collected 151 gold pieces.

Inventory:

Missiles
 a - 39 arrows
Armour
 b - a +0 robe (worn)
 r - a +1 helmet (worn)
 s - a +0 scale mail
Scrolls
 e - 2 scrolls of remove curse
 g - a scroll of magic mapping
 k - 2 scrolls of recharging
Potions
 f - a potion of magic {unknown}
 h - a potion of brilliance {unknown}
 m - a potion of flight {unknown}
 n - a potion of haste {unknown}
 p - 3 potions of lignification {unknown}
Books
 c - a book of Changes

   Spells                             Type                      Level
   a - Beastly Appendage              Transmutation                1
   b - Sticks to Snakes               Transmutation                2
   c - Spider Form                    Transmutation/Poison         3
   d - Ice Form                       Ice/Transmutation            4
   e - Blade Hands                    Transmutation                5
Comestibles
 d - 6 bread rations
 i - a meat ration
 j - a royal jelly
 l - 9 fruits
 o - 3 chunks of flesh


   Skills:
 - Level 1.2 Fighting
 - Level 2.1 Dodging
 + Level 5.9 Unarmed Combat
 - Level 2.1 Spellcasting
 + Level 5.3 Transmutations


You had 3 spell levels left.
You knew the following spells:

 Your Spells              Type           Power        Failure   Level  Hunger
a - Beastly Appendage     Tmut           ###...       2%          1    #......
b - Sticks to Snakes      Tmut           ###.....     3%          2    ###....
c - Spider Form           Tmut/Pois      ##........   21%         3    ###....


Dungeon Overview and Level Annotations

Branches:
Dungeon (4/15)
 Temple: D:4-7

Altars:
Cheibriados
Elyvilon
Kikubaaqudgha
Qazlal


Innate Abilities, Weirdness & Mutations

Shadows flee at your approach. (+LOS)
You can swim through water.
You cover ground slowly.
You can hop short distances.


Message History

You feel less confused. The hound bites you but does no damage.
Your ball python bites the orc wizard but does no damage.
Your ball python constricts the orc wizard.
The hound bites you.
* * * LOW HITPOINT WARNING * * *
The orc wizard misses you.
Huge Dmg: -7%(-3hp) hp: 26%(11hp)
Your ball python bites the orc wizard but does no damage.
Your ball python constricts the orc wizard.
The orc wizard struggles to escape constriction.
The hound barely misses you.
Your ball python bites the orc wizard but does no damage.
Your ball python constricts the orc wizard.
Casting: Beastly Appendage
Confirm with . or Enter, or press ? or * to list all spells.
You create a snake!
You now have 40 arrows.
The hound barely misses you.
The orc wizard hits your ball python with a dagger.
Your ball python dies!
Your ball python completely misses the orc wizard.
Your ball python constricts the orc wizard.
Casting: Sticks to Snakes
Confirm with . or Enter, or press ? or * to list all spells.
You create a snake!
You now have 39 arrows.
You are feeling hungry.
The hound barely misses you.
Your ball python bites the orc wizard but does no damage.
Your ball python constricts the orc wizard.
The orc wizard struggles to escape constriction.
The hound closely misses you.
You miss the hound.
You hear the slow rusting of a drain nearby.
The hound barely misses you.
Your ball python bites the orc wizard but does no damage.
Your ball python constricts the orc wizard.
The orc wizard escapes!
The phantom blinks!
You hit the hound.
The hound is moderately wounded.
The hound misses you.
Your ball python bites the orc wizard but does no damage.
Your ball python grabs the orc wizard.
Your ball python constricts the orc wizard.
The orc wizard hits you but does no damage.
The hound bites you.
* * * LOW HITPOINT WARNING * * *
Your ball python barely misses the hound.
Your ball python grabs the hound.
Your ball python constricts the hound.
Huge Dmg: -7%(-3hp) hp: 21%(9hp)
You hit the orc wizard. You claw the orc wizard.
The orc wizard is almost dead.
Your talons disappear.
Your ball python bites the orc wizard but does no damage.
Your ball python constricts the orc wizard.
The hound bites you.
* * * LOW HITPOINT WARNING * * *
The orc wizard barely misses you.
Your ball python bites the hound.
Your ball python constricts the hound.
Your ball python bites the orc wizard but does no damage.
Your ball python constricts the orc wizard.
Huge Dmg: -7%(-3hp) hp: 14%(6hp)
You punch the orc wizard!
You kill the orc wizard!
Cheibriados appreciates the change of pace.
The hound misses you.
Your ball python bites the hound.
Your ball python constricts the hound.
The hound bites you but does no damage.
Your ball python bites the hound.
You hit the hound but do no damage.
The hound is severely wounded.
The hound bites you.
* * * LOW HITPOINT WARNING * * *
Your ball python bites the hound but does no damage.
Your ball python constricts the hound.
Your ball python bites the hound but does no damage.
Huge Dmg: -4%(-2hp) hp: 10%(4hp)
You hit the hound.
The hound is almost dead.
The hound barely misses you.
Your ball python barely misses the hound.
Your ball python constricts the hound.
Your ball python bites the hound.
The hound dies!
Cheibriados thoroughly appreciates the change of pace.
Your ball python looks stronger.
Items here: $ ) [ † a dagger; a robe; 8 gold pieces; an orc corpse You butcher the orc corpse.
Items here: $ % ) [ a dagger; a robe; 8 gold pieces; a chunk of flesh A phantom is nearby!
A phantom is nearby!
You hit the phantom but do no damage.
The phantom is severely damaged.
Your ball python withers and dies!
The phantom hits you.
* * * LOW HITPOINT WARNING * * *
Huge Dmg: -7%(-3hp) hp: 5%(2hp)
You closely miss the phantom.
The phantom is severely damaged.
Your ball python closely misses the phantom.
The phantom hits you.
You die...

,** #.* #.## ,,* #,**
#.# ,,** *,,* #.##
*,,** *,,* ##..#
**,,** *,,* #...#
**,,** #,,* #...#
**,,**##..** ##...#
**,,,#....####....#
**,,........@....#
*,,.......WS..### **
***,,........####
,***,,,,......##*****
,,,,,,,,......,,,,,,*
*****,,,.....******,**
**,,....,* *,,*
**,%...,* **,*
*,...,,* *,**


You could see a phantom and a friendly ball python.

Vanquished Creatures
  A phantom (D:3)
  A vampire bat (D:2)
  An orc priest (D:3)
  An orc wizard (D:4)
  A worker ant (D:4)
  An adder (D:2)
  2 dart slugs (D:1)
  A leopard gecko (D:1)
  12 orcs
  2 ball pythons (D:3)
  4 bat zombies (D:2)
  4 giant cockroaches
  9 hobgoblins
  5 jackals (D:2)
  2 quokkas (D:2)
  5 bats
  4 frilled lizards (D:2)
  11 goblins
  7 kobolds
  4 rats
78 creatures vanquished.

Vanquished Creatures (collateral kills)
  A hound (D:4)
  A leopard gecko (D:1)
2 creatures vanquished.

Grand Total: 80 creatures vanquished

Notes
Turn   | Place    | Note
-------+----------+-------------------------------------------
     0 | D:1      | Monsterracer the Barachi Transmuter began the quest for the Orb.
     0 | D:1      | Reached XP level 1. HP: 15/15 MP: 3/3
   387 | D:1      | Reached XP level 2. HP: 21/21 MP: 3/5
   708 | D:1      | HP: 10/21 [leopard gecko (1)]
   713 | D:1      | Learned a level 2 spell: Sticks to Snakes
   713 | D:1      | HP: 9/21 [leopard gecko (1)]
   718 | D:1      | HP: 4/21 [hobgoblin/spear (3)]
  1080 | D:1      | HP: 9/21 [leopard gecko (4)]
  1627 | D:2      | Reached XP level 3. HP: 22/26 MP: 6/6
  1632 | D:2      | Learned a level 3 spell: Spider Form
  1917 | D:2      | Found a white marble altar of Elyvilon.
  2507 | D:2      | Found an ancient bone altar of Kikubaaqudgha.
  2509 | D:2      | Reached XP level 4. HP: 28/32 MP: 7/7
  2527 | D:2      | HP: 15/32 [vampire bat (3)]
  2532 | D:2      | HP: 15/32 [vampire bat (1)]
  2536 | D:2      | HP: 6/32 [vampire bat (3)]
  2894 | D:2      | Found a stormy altar of Qazlal.
  3148 | D:3      | HP: 15/32 [orc/war axe (5)]
  3332 | D:3      | Reached skill level 5 in Unarmed Combat
  3332 | D:3      | Reached XP level 5. HP: 32/37 MP: 3/8
  3583 | D:3      | Noticed a phantom
  3621 | D:3      | HP: 16/37 [phantom (3)]
  3627 | D:3      | Killed a phantom
  3627 | D:3      | Reached skill level 5 in Transmutations
  3627 | D:3      | Reached XP level 6. HP: 11/43 MP: 9/9
  4135 | D:4      | Found a snail-covered altar of Cheibriados.
  4181 | D:4      | Became a worshipper of Cheibriados the Contemplative
  4202 | D:4      | Noticed a phantom
  4213 | D:4      | HP: 16/43 [phantom (8)]
  4220 | D:4      | HP: 14/43 [hound (3)]
  4226 | D:4      | HP: 9/43 [hound (3)]
  4229 | D:4      | HP: 4/43 [hound (2)]
  4234 | D:4      | HP: 2/43 [phantom (3)]
  4235 | D:4      | Slain by a phantom

Vault maps used:
D:1:      noname_arrival_rooms_in_the_neighbourhood, glass_columns_b,
          st_stairs_14
D:2:      kennysheep_vampire_church, nicolae_qazlal_eye_of_the_storm,
          elyvilon_altar_1
D:3:      grunt_decor_arrowhead, hangedman_abyss_or_decor_lesser_grid
D:4:      cheibriados_altar_1, portal_sewer_entry_f, first_bread

Skill      XL: |  1  2  3  4  5 |
---------------+----------------+-----
Transmutations | 3 4 5 |  5.3
Unarmed Combat | 4 5 |  5.9
Fighting       | |  1.2
Dodging        | |  2.1
Spellcasting   | |  2.1

Action                   |  1- 3 |  4- 6 || total
-------------------------+-------+-------++-------
Melee: Unarmed           |   153 |   149 ||   302
       Headbutt          |     6 |       ||     6
       Kick              |     4 |     5 ||     9
       Punch             |     3 |     1 ||     4
 Cast: Beastly Appendage |     8 |     3 ||    11
       Sticks to Snakes  |     1 |     4 ||     5
       Spider Form       |     2 |     5 ||     7
 Abil: Hop               |     1 |       ||     1
  Use: Scroll            |       |     5 ||     5
 Stab: Sleeping          |     2 |       ||     2
  Eat: Chunk             |     5 |     7 ||    12
       Fruit             |       |     1 ||     1
Armor: Robe              |    16 |    34 ||    50
       Skin              |     2 |       ||     2
Dodge: Dodged            |   129 |   141 ||   270

Table legend:
 A = Spawn XP
 B = Non-spawn XP
 C = Spawn XP percentage of total XP
 D = Spawn monster count
 E = Non-spawn monster count
 F = Spawn count percentage of total count
 G = Total turns spent on level
                    A         B        C        D         E        F      G
               +---------+---------+-------+---------+---------+-------+---------
         Total |       0 |     454 |   0.0 |       0 |      80 |   0.0 |  4235
               +---------+---------+-------+---------+---------+-------+---------
           D:1 |       0 |      31 |   0.0 |       0 |      17 |   0.0 |  1612
           D:2 |       0 |     108 |   0.0 |       0 |      29 |   0.0 |  1641
           D:3 |       0 |     210 |   0.0 |       0 |      27 |   0.0 |   882
           D:4 |       0 |     105 |   0.0 |       0 |       7 |   0.0 |   100
               +---------+---------+-------+---------+---------+-------+---------

Vault maps used:
D:1:      noname_arrival_rooms_in_the_neighbourhood, glass_columns_b,
          st_stairs_14
D:2:      kennysheep_vampire_church, nicolae_qazlal_eye_of_the_storm,
          elyvilon_altar_1
D:3:      grunt_decor_arrowhead, hangedman_abyss_or_decor_lesser_grid
D:4:      cheibriados_altar_1, portal_sewer_entry_f, first_bread
